 Dungeon Crawl Stone Soup version 0.30-a0-757-ga6a79fd877 (webtiles) character file.

Game seed: 15722061511847305706

37 hikkokomori the Digger (level 3, -2/21 HPs)
             Began as a Gargoyle Earth Elementalist on Feb 10, 2023.
             Slain by a hobgoblin (3 damage)
             ... led by Robin
             ... on level 1 of the Dungeon.
             The game lasted 00:01:57 (1068 turns).

hikkokomori the Digger (GrEE)                       Turns: 1068, Time: 00:01:57

Health: -2/21      AC:  5    Str: 11    XL:     3   Next: 39%
Magic:  0/6        EV: 11    Int: 17    God:
Gold:   32         SH:  0    Dex: 10    Spells: 5/6 levels left

rFire   . . .      SeeInvis .    (no weapon)
rCold   . . .      Faith    .    (no shield)
rNeg    + . .      Spirit   .    a - +0 robe
rPois   ∞          Reflect  .    (no helmet)
rElec   +          Harm     .    (no cloak)
rCorr   .          Rampage  .    (no gloves)
Will    .....                    (no boots)
Stlth   ++                       (no amulet)
HPRegen 0.23/turn                (no ring)
MPRegen 0.10/turn                (no ring)

@: weak-willed
A: sickness immunity, AC +3, negative energy resistance 1, electricity
resistance, torment resistance 1, petrification resistance
a: no special abilities


You were on level 1 of the Dungeon.
You visited 1 branch of the dungeon, and saw 2 of its levels.

You collected 32 gold pieces.

Inventory:

Armour
 a - a +0 robe (worn)
Scrolls
 c - a scroll of teleportation {unknown}
 g - a scroll of immolation {unknown}
Potions
 b - a potion of magic
 d - a potion of heal wounds {unknown}
 f - a potion of flight {unknown}


   Skills:
 + Level 1.7 Fighting
 - Level 1.5 Dodging
 + Level 3.0 Stealth
 - Level 2.0 Spellcasting
 - Level 0.7 Transmutations
 + Level 4.2 Earth Magic


You had 5 spell levels left.
You knew the following spells:

 Your Spells              Type           Power      Damage    Failure   Level
a - Sandblast             Erth           32%        2d9       3%          1

Your spell library contained the following spells:

 Spells                   Type           Power      Damage    Failure   Level
 Passwall                 Tmut/Erth      8%         N/A       11%         2
 Magic Dart               Conj           4%         1d3       19%         1
 Stone Arrow              Conj/Erth      16%        3d8       24%         3
 Searing Ray              Conj           2%         2d4       28%         2
 Petrify                  Tmut/Erth      10%        N/A       56%         4
 Fulminant Prism          Conj/Hex       0%         3d5       88%         4


Dungeon Overview and Level Annotations

Branches:
Dungeon (2/15)

Altars:


Innate Abilities, Weirdness & Mutations

You are immune to sickness and miasma.
Your stone body is resilient. (AC +3)
You are immune to poison.
You resist negative energy. (rN+)
You are resistant to electric shocks. (rElec)
You are resistant to unholy torment.
You are immune to petrification.


Message History

You are very lightly contaminated with residual magic.
Nothing appears to happen.
The goblin closely misses you.
Casting: Sandblast (safe; 3% risk of failure)
Confirm with . or Enter, or press ? or * to list all spells.
Aiming: Sandblast (safe; 3% risk of failure)
Press: ? - help, Shift-Dir - straight line, f/p - goblin
Aim: a goblin, wielding a +0 dagger (77% to hit)
The blast of sand hits the goblin!
You kill the goblin!
Casting: Sandblast (safe; 3% risk of failure)
Confirm with . or Enter, or press ? or * to list all spells.
Aiming: Sandblast (safe; 3% risk of failure)
Press: ? - help, Shift-Dir - straight line, f - goblin
Aim: a goblin, wielding a +0 dagger (77% to hit)
The blast of sand hits the goblin!
You kill the goblin!
The hobgoblin hits you but does no damage.
Casting: Sandblast (safe; 3% risk of failure)
Confirm with . or Enter, or press ? or * to list all spells.
You don't have enough magic to cast this spell.
Unknown command.
You closely miss the hobgoblin.
The hobgoblin hits you but does no damage.
Okay, then.
You aren't carrying any items that you can evoke.
You have nothing you can fire or use right now.
Unknown command.
As you read the scroll labelled UHOOSHR NEONEN, it crumbles to dust.
Magic quickly surges around you.
It was a scroll of vulnerability.
The hobgoblin hits you but does no damage.
You closely miss the hobgoblin. The hobgoblin hits you.
* * * LOW HITPOINT WARNING * * *
Your magical contamination has completely faded away.
Casting: Sandblast (safe; 3% risk of failure)
Confirm with . or Enter, or press ? or * to list all spells.
Aiming: Sandblast (safe; 3% risk of failure)
Press: ? - help, Shift-Dir - straight line, f - hobgoblin
Aim: a hobgoblin (weak-willed, 82% to hit)
The blast of sand misses the hobgoblin.
The hobgoblin hits you.
You die...

###
#.############################
####.............................
#....######......#.###.##########
#.#### #.####@#..##..#########
#.# ####.####g#...............
#.# #...........#..#..#..#..#.
#)# #........)...#..#..#..#...
#.# #.......)>....#..#..#..#..
#.# #...._..#.!.#..#..#.†#..#.
#.# #..(....#....#..#..#..#...
#.# #..........#..............
#.# #....#+###........#.#...#.


You could see a hobgoblin (weak-willed).

Vanquished Creatures
  Robin (D:1)
  9 goblins
  3 hobgoblins (D:1)
  3 kobolds (D:1)
  2 quokkas (D:1)
  3 ball pythons (D:1)
  A frilled lizard (D:1)
  A rat (D:1)
23 creatures vanquished.

Notes
Turn   | Place    | Note
-------+----------+-------------------------------------------
     0 | D:1      | hikkokomori the Gargoyle Earth Elementalist began the quest
                  | for the Orb.
     0 | D:1      | Reached XP level 1. HP: 10/10 MP: 3/3
   361 | D:1      | Found a faded altar of an unknown god.
   367 | D:1      | Reached XP level 2. HP: 16/16 MP: 3/5
   411 | D:1      | Reached skill level 1 in Fighting
   889 | D:2      | Noticed Robin
   904 | D:1      | Reached skill level 4 in Earth Magic
   964 | D:1      | Killed Robin
   965 | D:1      | Reached XP level 3. HP: 13/20 MP: 0/6
  1061 | D:1      | HP: 1/20 [goblin/+0 dagger[Robin] (1)]
  1067 | D:1      | HP: 1/21 [hobgoblin[Robin] (2)]
  1068 | D:1      | Slain by a hobgoblin

Illustrated notes

Levels and vault maps discovered:
D:1:      co_arrival_square_in_a_square_in_a_square, layout_basic,
          ebering_ecumenical_altar_sacrificial, minmay_misc_feat_diagonals,
          minmay_misc_feat_five
D:2:      layout_rooms, kennysheep_path_1, uniq_robin

Skill      XL: |  1  2 |
---------------+-------+-----
Fighting       | 1 |  1.7
Earth Magic    | 4 |  4.2
Stealth        | 3 |  3.0
Dodging        | |  1.5
Spellcasting   | |  2.0
Transmutations | |  0.7

Action                     || total
---------------------------++-------
  Melee: Unarmed           ||    30
   Cast: Sandblast         ||    30
    Use: Scroll            ||     1
 Armour: Robe              ||    24
  Dodge: Dodged            ||    37

Table legend: (Time is in decaauts)
 A = Elapsed time spent in this place.
 B = Non-inter-level travel time spent in this place.
 C = Inter-level travel time spent in this place.
 D = Time resting spent in this place.
 E = Time spent auto-exploring this place.
 F = Levels seen in this place.
 G = Mean time per level.
                   A        B        C        D        E       F      G
               +--------+--------+--------+--------+--------+-----+--------+
         Total |   1084 |   1073 |     11 |    105 |    808 |   2 |  542.0 |
       Dungeon |   1084 |   1073 |     11 |    105 |    808 |   2 |  542.0 |
               +--------+--------+--------+--------+--------+-----+--------+

Top non-repeatable levels by time:
     D:1: 1040 daAuts
     D:2: 44 daAuts
